 Dungeon Crawl Stone Soup version 0.31.0-12-g77e489cdc1 (webtiles) character file.

Game seed: 11707926246152243905

185594 Doomgape the Tortoise (level 18, -9/115 HPs)
             Began as a Gargoyle Fighter on Feb 17, 2024.
             Was a High Priest of Okawaru.
             Killed from afar by a Hell Sentinel (48 damage)
             ... with an iron shot
             ... on level 5 of the Abyss.
             The game lasted 01:53:41 (25726 turns).

Doomgape the Tortoise (Gargoyle Fighter)           Turns: 25726, Time: 01:53:41

Health: -9/115     AC: 41    Str: 31    XL:     18   Next: 44%
Magic:  16/16      EV:  9    Int: 13    God:    Okawaru [*****.]
Gold:   2788       SH: 10    Dex:  7    Spells: 17/17 levels left

rFire   + + .        D - +4 morningstar (freeze)
rCold   + + +        q - +0 kite shield {reflect}
rNeg    + . .        m - +0 ice dragon scales
rPois   ∞            x - +1 helmet of Ijaovar {+Blink rF++ MP-9 Str+2}
rElec   +            O - +2 cloak
rCorr   +            (no gloves)
SInv    +            H - +3 pair of seven-league boots {Rampage+∞}
Will    +....        (no amulet) Stlth
                     A - +6 ring of strength
HPRegen 0.39/turn    o - ring "Puullogo" {rCorr Int+3 SInv}
MPRegen 0.15/turn

%: reflection, rampage+∞
@: resistant, flying
A: sickness immunity, AC +13, big wings, negative energy resistance 1,
electricity resistance, torment resistance 1, petrification resistance, clumsy
1, subdued magic 1, [weak 2], [inability to drink after injury 2]
a: Renounce Religion, Evoke Blink, Heroism, Finesse, Duel


You were on level 5 of the Abyss.
You worshipped Okawaru.
Okawaru was extremely pleased with you.
You visited 5 branches of the dungeon, and saw 24 of its levels.
You visited the Abyss 1 time.
You visited 1 bazaar.
You also visited: Gauntlet, Ice Cave and Volcano.

You collected 3262 gold pieces.
You spent 474 gold pieces at shops.

Inventory:

Hand Weapons
 D - a +4 morningstar of freezing (weapon)
 R - a +0 eveningstar of freezing
Missiles
 t - 25 javelins (quivered)
 z - a throwing net
 L - 8 silver javelins
Armour
 h - a +5 chain mail of fire resistance
 m - +0 ice dragon scales (worn)
 q - a +0 kite shield of reflection (worn)
 x - the +1 helmet of Ijaovar (worn) {+Blink rF++ MP-9 Str+2}
   (You found it in a Gauntlet)

   Str+2:     It affects your strength (+2).
   rF++:      It greatly protects you from fire.
   MP-9:      It affects your magic capacity (-9).
   +Blink:    It lets you blink.
 H - the +3 pair of seven-league boots (worn) {Rampage+∞}
   (You found it on level 3 of the Lair of Beasts)

   Rampage+∞: When moving toward enemies, its wearer moves as far as possible,
   alerting their target en route.
 O - a +2 cloak (worn)
Jewellery
 a - a ring of protection from cold
 o - the ring "Puullogo" (right hand) {rCorr Int+3 SInv}
   (You found it on level 5 of the Lair of Beasts)

   [ring of see invisible]

   Int+3:     It affects your intelligence (+3).
   SInv:      It lets you see invisible.
   rCorr:     It protects you from acid and corrosion.
 A - a +6 ring of strength (left hand)
Wands
 s - a wand of flame (2)
 v - a wand of polymorph (8)
 E - a wand of quicksilver (19)
 I - a wand of roots (13)
Scrolls
 b - 3 scrolls of identify
 d - a scroll of poison
 e - 9 scrolls of noise
 f - 7 scrolls of amnesia
 n - 2 scrolls of enchant armour
 p - 9 scrolls of teleportation
 w - a scroll of fear
 y - a scroll of revelation
 J - 3 scrolls of brand weapon
 K - a scroll of silence
 M - 2 scrolls of immolation
 U - 2 scrolls of blinking
 W - a scroll of vulnerability
Potions
 i - 3 potions of ambrosia
 j - a potion of resistance
 k - 2 potions of brilliance
 l - 5 potions of enlightenment
 r - 2 potions of berserk rage
 B - a potion of attraction
 F - a potion of lignification
 G - 8 potions of might
 P - a potion of invisibility
 Q - 2 potions of magic
Miscellaneous
 N - a phial of floods


   Skills:
 + Level 13.6 Fighting
 + Level 17.5 Maces & Flails
 - Level 9.0 Throwing
 + Level 17.6 Armour
 - Level 10.0 Shields
 - Level 10.5 Invocations
 - Level 8.0 Evocations


You had 17 spell levels left.
You didn't know any spells.
Your spell library contained the following spells:

 Spells                   Type           Power      Damage    Failure   Level
 Kiss of Death            Conj/Necr      0%         2d5       58%         1
 Magic Dart               Conj           0%         1d3       58%         1
 Slow                     Hex            0%         N/A       58%         1
 Ensorcelled Hibernation  Hex/Ice        0%         N/A       73%         2
 Jinxbite                 Hex            0%         N/A       73%         2
 Searing Ray              Conj           0%         2d4       73%         2
 Confusing Touch          Hex            0%         N/A       92%         3
 Dazzling Flash           Conj/Hex       0%         N/A       92%         3
 Frozen Ramparts          Ice            0%         1d1       92%         3
 Fugue of the Fallen      Necr           0%         N/A       92%         3
 Sigil of Binding         Hex            0%         N/A       92%         3
 Stone Arrow              Conj/Erth      0%         3d7       92%         3
 Vampiric Draining        Necr           0%         2d6       92%         3
 Volatile Blastmotes      Fire/Tloc      0%         2d10      92%         3
 Anguish                  Hex/Necr       0%         N/A       100%        4
 Cause Fear               Hex            0%         N/A       100%        4
 Dispel Undead            Necr           0%         3d6       100%        4
 Fulminant Prism          Conj/Alch      0%         3d5       100%        4
 Ignite Poison            Fire/Alch      0%         N/A       100%        4
 Leda's Liquefaction      Alch/Erth      0%         N/A       100%        4
 Passage of Golubria      Tloc           0%         N/A       100%        4
 Petrify                  Alch/Erth      0%         N/A       100%        4
 Sticky Flame             Fire/Alch      0%         2d4       100%        4
 Fireball                 Conj/Fire      0%         3d3       100%        5
 Irradiate                Conj/Alch      0%         3d11      100%        5
 Lee's Rapid Deconstruct  Erth           0%         3d4*      100%        5
 Metabolic Englaciation   Hex/Ice        0%         N/A       100%        5
 Silence                  Hex/Air        0%         N/A       100%        5
 Yara's Violent Unravell  Hex/Alch       0%         3d3       100%        5
 Bombard                  Conj/Erth      0%         9d1       100%        6
 Starburst                Conj/Fire      0%         6d3       100%        6
 Enfeeble                 Hex            0%         N/A       100%        7
 Ozocubu's Refrigeration  Ice            0%         4d7       100%        7
 Ignition                 Fire           0%         3d3       100%        8
 Lehudib's Crystal Spear  Conj/Erth      0%         10d2      100%        8
 Maxwell's Capacitive Co  Air            0%         ∞         100%        8
 Polar Vortex             Ice            0%         N/A       100%        9
 Summon Small Mammal      Summ           Unusable   N/A       N/A         1
 Call Canine Familiar     Summ           Unusable   N/A       N/A         3
 Animate Armour           Summ/Erth      Unusable   N/A       N/A         4
 Summon Blazeheart Golem  Fire/Summ      Unusable   N/A       N/A         4
 Summon Lightning Spire   Summ/Air       Unusable   N/A       N/A         4
 Sculpt Simulacrum        Ice/Alch       Unusable   N/A       N/A         6
 Dragon's Call            Summ           Unusable   N/A       N/A         9

Dungeon Overview and Level Annotations

Branches:
Dungeon (15/15)            Temple (1/1) D:7            Lair (5/5) D:8
  Swamp (1/4) Lair:3        Snake (0/4) Lair:3        Slime (0/5) Lair:4
    Orc (2/2) D:10            Elf (0/3) Orc:2        Vaults (0/5) D:14
 Depths (0/4) D:15          IceCv (visited)         Volcano (visited)
Gauntlet (visited)

Altars:
Ashenzari
Cheibriados
Dithmenos
Elyvilon
Fedhas
Gozag
Hepliaklqana
Kikubaaqudgha
Makhleb
Nemelex Xobeh
Okawaru
Qazlal
Ru
Sif Muna
Trog
Uskayaw
Vehumet
Wu Jian
Xom
Yredelemnul
Zin
The Shining One

Shops:
Orc:2 (([!

Annotations:
Swamp:1 Louise


Innate Abilities, Weirdness & Mutations

You are immune to sickness and miasma.
Your stone body is resilient. (AC +13)
You are immune to poison.
Your large and strong wings let you fly.
You resist negative energy. (rN+)
You are resistant to electric shocks. (rElec)
You are resistant to unholy torment.
You are immune to petrification.
You are clumsy. (Dex -2)
Your spells are a little easier to cast, but a little less powerful.
[You are very weak. (Str -4)]
[You sometimes lose the ability to drink potions when taking damage.]


Message History

You impale the thrashing horror!! You freeze the thrashing horror.
You destroy the thrashing horror!
Okawaru accepts your kill.
The wretched star glows turbulently.
The lance of force hits you!
You are knocked back by the lance of force.
You collide with the Hell Sentinel!
The Hell Sentinel is lightly wounded.
Unknown command.
You hit the Hell Sentinel but do no damage.
The Hell Sentinel is lightly wounded.
The ancient zyme hits you but does no damage.
You block the ancient zyme's attack.
The flayed ghost hits you but does no damage.
The Hell Sentinel gestures at you.
Your +0 kite shield of reflection blocks the iron shot... and reflects it back!
The iron shot hits the Hell Sentinel!!!
Unknown command.
You hit the Hell Sentinel but do no damage.
The Hell Sentinel is moderately wounded.
The flayed ghost hits you but does no damage.
You block the Hell Sentinel's attack.
The Hell Sentinel hits you but does no damage.
The ancient zyme closely misses you. You block the ancient zyme's attack.
Unknown command.
Unknown command.
You hit the wretched star but do no damage.
The Hell Sentinel hits you!
* * * LOW HITPOINT WARNING * * *
The Hell Sentinel hits you but does no damage.
The ancient zyme barely misses you. You block the ancient zyme's attack.
The flayed ghost barely misses you.
Unknown command.
Unknown command.
You feel better.
The ancient zyme hits you but does no damage.
You block the ancient zyme's attack. You block the flayed ghost's attack.
The Hell Sentinel gestures at you. The iron shot hits you!!!
You die...

..........
......... ...
......... .∩.
......... ....
#......# .....
##......##.....
............... φ
......W...........
......1@*.........
........x.........
..................
................_.
##......##......##
#......##......##
.................
.......... .... .
. ...............


You could see a Hell Sentinel, a wretched star, a flayed ghost and an ancient
zyme.

Vanquished Creatures
  A dread lich (Abyss:3)
  Saint Roka (Orc:2)
  2 bone dragons (Abyss:2)
  A tentacled starspawn (Abyss:4)
  The ghost of Doomgape the Carver, a journeyman TrBe of Trog (Orc:2)
  Donald (Orc:2)
  A frost giant (IceCv)
  A caustic shrike zombie (Abyss:2)
  Nessos (D:12)
  2 very ugly things (Abyss:3)
  An occultist (Abyss:4)
  A minotaur (Gauntlet)
  A white draconian (Abyss:2)
  A dire elephant (Lair:5)
  A green death (Abyss:2)
  2 fire dragons
  An ice dragon (D:15)
  3 vault guards (D:14)
  5 hydras
  2 ogre magi
  5 boulder beetles
  2 catoblepae
  3 centaur warriors
  A ghost crab (Lair:3)
  A rakshasa (Abyss:2)
  2 alligators (Swamp:1)
  A deep troll shaman (Lair:5)
  9 two-headed ogres
  21 death yaks
  5 tengu warriors
  4 thrashing horrors
  2 orc high priests (Orc:2)
  Urug (D:12)
  2 wretched stars (Abyss:2)
  A sixfirhy (Abyss:2)
  6 large abominations
  Lodul (D:12)
  The ghost of mojasp the Summoner, a novice FeSu of Kikubaaqudgha (D:10)
  A spectral catoblepas (Lair:3)
  A death drake (Abyss:2)
  A necromancer (Gauntlet)
  An arcanist (D:15)
  A glowing orange brain (Abyss:2)
  5 orc knights
  A phantasmal warrior (Abyss:2)
  A spriggan simulacrum (Abyss:2)
  An oklob plant (D:4)
  2 lindwurms
  2 starcursed masses (Abyss:3)
  5 deep elf pyromancers
  12 ugly things (D:14)
  3 manticores
  3 orc sorcerers
  2 cyclopes
  A worldbinder (Abyss:2)
  Maurice (D:7)
  3 meliai (D:13)
  14 elephants
  A guardian serpent (Lair:3)
  Joseph (D:8)
  A meliai (shapeshifter) (D:15)
  A molten gargoyle (Volcano)
  8 kobold blastminers
  3 orange demons (Abyss:2)
  A torpor snail (Gauntlet)
  8 black mambas
  2 gargoyles
  An ice statue (IceCv)
  2 smoke demons (Abyss:2)
  9 cane toads
  15 komodo dragons
  A dire elephant skeleton (Abyss:2)
  3 kobold demonologists
  7 rime drakes
  2 ice devils (D:13)
  A komodo dragon (shapeshifter) (D:15)
  2 freezing wraiths (Abyss:2)
  2 tengu conjurers
  3 yaktaurs (D:14)
  A harpy zombie (Abyss:4)
  3 ancient zymes
  A queen bee (D:13)
  A hellwing (Abyss:2)
  7 polar bears
  4 trolls
  14 hornets
  Grinder (D:3)
  A spectral elephant (Lair:3)
  A raiju (Abyss:2)
  10 blink frogs
  4 dream sheep
  4 slime creatures
  Sigmund (D:3)
  A spriggan (Swamp:1)
  6 fire bats (Volcano)
  5 wraiths
  A vampire (D:14)
  A ynoxinul (D:10)
  2 humans (D:14)
  7 wargs
  6 wyverns
  46 yaks
  2 basilisks
  3 neqoxecs
  8 vampire mosquitoes
  3 steam dragons
  2 chaos spawn (Abyss:2)
  Menkaure (D:7)
  2 acid dragons
  A hell hound (Volcano)
  Duvessa (D:5)
  13 water moccasins
  33 orc warriors
  8 black bears
  A spectral torpor snail (Lair:3)
  2 sky beasts
  3 ice beasts
  11 laughing skulls
  35 wolves
  13 centaurs
  22 ogres
  3 phantoms
  Blork the orc (D:5)
  4 kobold brigands
  2 brain worms (Abyss:2)
  16 bullfrogs
  A weeping skull (Abyss:3)
  An earth elemental (Abyss:2)
  3 gnoll sergeants
  4 scorpions
  7 small abominations
  8 wights
  Dowan (D:5)
  32 killer bees
  An electric eel (Lair:2)
  2 bombardier beetles
  8 howler monkeys
  3 lava snakes (Volcano)
  A quasit (Abyss:2)
  A hound (D:5)
  3 jellies
  Crazy Yiuf (D:5)
  16 orc priests
  2 gnoll boudas
  8 iguanas
  Terence (D:3)
  2 sleepcaps
  32 orc wizards
  17 gnolls
  4 adders
  A shadow imp (D:6)
  2 white imps
  6 ufetubi
  A ribbon worm (D:5)
  5 dart slugs
  106 orcs
  5 endoplasms
  3 giant cockroaches
  6 goblins
  6 hobgoblins
  A quokka (D:1)
  6 ball pythons
  8 bats
  4 frilled lizards
  17 kobolds
  9 rats
896 creatures vanquished.

Vanquished Creatures (others)
  A centaur warrior (D:13)
  A lurking horror (Abyss:5)
  4 starspawn tentacles (Abyss:4)
6 creatures vanquished.

Grand Total: 902 creatures vanquished

Notes
Turn   | Place    | Note
-------+----------+-------------------------------------------
     0 | D:1      | Doomgape the Gargoyle Fighter began the quest for the Orb.
     0 | D:1      | Reached XP level 1. HP: 14/14 MP: 1/1
   144 | D:1      | Reached XP level 2. HP: 17/19 MP: 2/2
   279 | D:1      | Reached XP level 3. HP: 24/24 MP: 3/3
   891 | D:2      | Found a glowing silver altar of Zin.
   944 | D:2      | Reached XP level 4. HP: 26/29 MP: 4/4
  1439 | D:3      | Reached XP level 5. HP: 29/34 MP: 5/5
  1529 | D:3      | Noticed Terence
  1540 | D:3      | Killed Terence
  1703 | D:3      | Identified the +7 sling of World Downfall {drain, Fly rC-
                  | Int+3}
  1809 | D:3      | Noticed Sigmund
  1828 | D:3      | Killed Sigmund
  1829 | D:3      | Reached skill level 5 in Fighting
  1829 | D:3      | Reached skill level 5 in Armour
  1829 | D:3      | Reached XP level 6. HP: 31/40 MP: 6/6
  2142 | D:3      | Noticed Grinder
  2146 | D:3      | Paralysed by Grinder for 3 turns
  2157 | D:3      | Killed Grinder
  2158 | D:3      | Reached XP level 7. HP: 45/45 MP: 7/7
  2521 | D:4      | Found an ancient bone altar of Kikubaaqudgha.
  2683 | D:4      | Reached skill level 5 in Maces & Flails
  2931 | D:4      | Found a blossoming altar of Fedhas.
  2947 | D:4      | Noticed an oklob plant
  2967 | D:4      | Killed an oklob plant
  2968 | D:4      | Reached XP level 8. HP: 6/53 MP: 8/8
  3207 | D:5      | Entered Level 5 of the Dungeon
  3214 | D:5      | Noticed Duvessa
  3222 | D:5      | Killed Duvessa
  3222 | D:5      | Noticed Dowan
  3239 | D:5      | Killed Dowan
  3400 | D:5      | Got the Teachings on Bolts
  3451 | D:5      | Found a bloodstained altar of Trog.
  3637 | D:5      | Found Zasuf's Antique Armour Emporium.
  3644 | D:5      | Noticed Blork the orc
  3650 | D:5      | Killed Blork the orc
  3651 | D:5      | Reached XP level 9. HP: 59/59 MP: 9/9
  3888 | D:5      | Found a broken altar of Ashenzari.
  4489 | D:5      | Found a runed translucent door.
  4490 | D:5      | Noticed Crazy Yiuf
  4496 | D:5      | Killed Crazy Yiuf
  4786 | D:6      | Identified the staff "Coehasoo" {*Corrode ^Drain SInv Necro
                  | Earth}
  5088 | D:6      | Reached XP level 10. HP: 54/66 MP: 10/10
  5492 | D:7      | Found a staircase to the Ecumenical Temple.
  5511 | Temple   | Entered the Ecumenical Temple
  5523 | Temple   | Became a worshipper of Warmaster Okawaru
  5568 | D:7      | Noticed Maurice
  5596 | D:7      | Something stole 47 gold
  5616 | D:7      | Something stole a +5 ring of evasion
  5634 | D:7      | Maurice stole 8 javelins
  5652 | D:7      | Something stole 382 gold
  5653 | D:7      | Killed Maurice
  5716 | D:7      | Found a white marble altar of Elyvilon.
  5741 | D:7      | Noticed a two-headed ogre
  5747 | D:7      | Killed a two-headed ogre
  5747 | D:7      | Reached * piety under Okawaru
  5748 | D:7      | Reached skill level 10 in Fighting
  5856 | D:7      | Noticed a kobold demonologist
  5882 | D:7      | Killed a kobold demonologist
  5883 | D:7      | Reached skill level 5 in Shields
  6152 | D:7      | Noticed Menkaure
  6158 | D:7      | Killed Menkaure
  6304 | D:7      | Reached ** piety under Okawaru
  6318 | D:7      | Reached skill level 1 in Invocations
  6374 | D:7      | Found a stormy altar of Qazlal.
  6620 | D:8      | Noticed Joseph
  6632 | D:8      | Killed Joseph
  6820 | D:8      | Reached XP level 11. HP: 73/73 MP: 13/13
  6837 | D:8      | Reached *** piety under Okawaru
  6850 | D:8      | Reached skill level 10 in Maces & Flails
  6863 | D:8      | Found a staircase to the Lair.
  7506 | D:9      | Found a hide-covered altar of Uskayaw.
  7589 | D:9      | Found a shimmering blue altar of Sif Muna.
  7739 | D:9      | Found a sacrificial altar of Ru.
  7937 | D:9      | Found a glowing silver altar of Zin.
  8137 | D:9      | Reached skill level 5 in Invocations
  8210 | D:9      | Reached **** piety under Okawaru
  8475 | Lair:1   | Entered Level 1 of the Lair of Beasts
  8755 | Lair:1   | Found a dark tunnel.
  8785 | Volcano  | Entered a volcano
  8998 | Volcano  | Found a bloodstained altar of Trog.
  8998 | Volcano  | Noticed a lindwurm
  9027 | Volcano  | Killed a lindwurm
  9108 | Volcano  | Noticed a fire dragon
  9116 | Volcano  | Killed a fire dragon
  9149 | Volcano  | Reached XP level 12. HP: 73/78 MP: 17/17
  9278 | Lair:1   | Noticed a catoblepas
  9307 | Lair:1   | Killed a catoblepas
  9326 | Lair:1   | Reached ***** piety under Okawaru
  9624 | Lair:1   | Reached skill level 10 in Shields
  9987 | Lair:2   | Received a gift from Okawaru
  9988 | Lair:2   | Reached skill level 1 in Throwing
 11095 | Lair:3   | Reached XP level 13. HP: 70/83 MP: 20/20
 11162 | Lair:3   | Received a gift from Okawaru
 11635 | Lair:3   | Reached skill level 10 in Invocations
 11814 | Lair:3   | Reached skill level 5 in Throwing
 11847 | Lair:3   | Found the +3 pair of seven-league boots {Rampage+∞}
 12026 | Lair:3   | Found a staircase to the Swamp.
 12089 | Lair:3   | Found a staircase to the Snake Pit.
 12255 | Lair:4   | Found a gate leading to a gauntlet.
 12267 | Gauntlet | Entered a Gauntlet
 12267 | Gauntlet | Found a runed translucent door.
 12267 | Gauntlet | Found a transporter.
 12267 | Gauntlet | Found a runed translucent door.
 12267 | Gauntlet | Found a transporter.
 12269 | Gauntlet | Found a transporter.
 12269 | Gauntlet | Found a transporter.
 12273 | Gauntlet | Found a transporter.
 12273 | Gauntlet | Found a transporter.
 12302 | Gauntlet | Found a runed translucent door.
 12302 | Gauntlet | Found a runed translucent door.
 12306 | Gauntlet | Found a transporter.
 12310 | Gauntlet | Found a transporter.
 12327 | Gauntlet | Found a transporter.
 12334 | Gauntlet | Found a transporter.
 12349 | Gauntlet | Found a transporter.
 12366 | Gauntlet | Found a transporter.
 12553 | Gauntlet | Reached skill level 10 in Armour
 12706 | Gauntlet | Identified the +1 helmet of Ijaovar {+Blink rF++ MP-9
                  | Str+2}
 12775 | Gauntlet | Identified the +5 battleaxe of the Threshing Salmon {chaos,
                  | *Corrode rElec Will- Dex+9}
 12775 | Gauntlet | Noticed a minotaur
 12797 | Gauntlet | Killed a minotaur
 12989 | Lair:4   | Reached skill level 1 in Evocations
 13133 | Lair:4   | Found a staircase to the Slime Pits.
 13245 | Lair:4   | Gained mutation: Your large and strong wings let you fly.
                  | [Gargoyle growth]
 13245 | Lair:4   | Reached XP level 14. HP: 84/90 MP: 12/21
 13410 | Lair:4   | Received a gift from Okawaru
 14038 | Lair:5   | Entered Level 5 of the Lair of Beasts
 14216 | Lair:5   | Identified the +10 falchion of Cheibriados's Hatred
                  | {protect, rPois Int+2}
 14478 | Lair:5   | Reached skill level 5 in Evocations
 14770 | Lair:5   | Noticed a dire elephant
 14786 | Lair:5   | Killed a dire elephant
 14828 | Lair:5   | Identified the ring "Puullogo" {rCorr Int+3 SInv}
 14938 | Lair:5   | Reached skill level 15 in Maces & Flails
 15353 | D:10     | Entered Level 10 of the Dungeon
 15465 | D:10     | Found a runed translucent door.
 15465 | D:10     | Noticed mojasp's ghost (novice FeSu)
 15496 | D:10     | Found a staircase to the Orcish Mines.
 15571 | D:10     | You are sucked into a shaft and drop 1 floor!
 16158 | D:10     | Killed mojasp's ghost
 16266 | Orc:1    | Entered Level 1 of the Orcish Mines
 16298 | Orc:1    | Reached XP level 15. HP: 85/94 MP: 13/22
 16735 | Orc:2    | Entered Level 2 of the Orcish Mines
 16735 | Orc:2    | Found a runed translucent door.
 16737 | Orc:2    | Noticed Doomgape's ghost (journeyman TrBe)
 16788 | Orc:2    | Killed Doomgape's ghost
 16858 | Orc:2    | Found a staircase to the Elven Halls.
 17061 | Orc:2    | Noticed Donald
 17087 | Orc:2    | Killed Donald
 17284 | Orc:2    | Found Vedete's Distillery.
 17311 | Orc:2    | Bought a potion of might for 52 gold pieces
 17311 | Orc:2    | Bought a potion of heal wounds for 65 gold pieces
 17584 | Orc:2    | Noticed Saint Roka
 17880 | Orc:2    | Killed Saint Roka
 17886 | Orc:2    | Found Xojops's Antique Weapon Emporium.
 17892 | Orc:2    | Found Goubifir's Antique Armour Shoppe.
 17943 | Orc:2    | Found Tuahosch's Weapon Emporium.
 18769 | D:12     | Noticed Nessos
 18778 | D:12     | Killed Nessos
 18807 | D:12     | Noticed Urug
 18818 | D:12     | Killed Urug
 19305 | D:12     | Noticed Lodul
 19306 | D:12     | Received a gift from Okawaru
 19315 | D:12     | Killed Lodul
 20221 | D:13     | Found a frozen archway.
 20244 | IceCv    | Entered an ice cave
 20467 | IceCv    | Noticed a frost giant
 20481 | IceCv    | Killed a frost giant
 20488 | IceCv    | Reached XP level 16. HP: 35/100 MP: 12/23
 21150 | D:13     | Reached skill level 15 in Armour
 21896 | D:14     | Received a gift from Okawaru
 22527 | D:14     | Found a gateway to a bazaar.
 22552 | Bazaar   | Entered a bazaar
 22566 | Bazaar   | Found Geanteps's Armour Emporium.
 22586 | Bazaar   | Found Bemasoem's Antique Weapon Shoppe.
 22611 | Bazaar   | Found Wothrycw's Distillery.
 22611 | Bazaar   | Found Okumihy's Distillery.
 22616 | Bazaar   | Bought a potion of heal wounds for 50 gold pieces
 22616 | Bazaar   | Bought a potion of curing for 30 gold pieces
 22622 | Bazaar   | Bought a potion of curing for 33 gold pieces
 22622 | Bazaar   | Bought a potion of heal wounds for 55 gold pieces
 22633 | Bazaar   | Found Levoggif's Antique Armour Emporium.
 22700 | Bazaar   | Bought a scorched morningstar for 189 gold pieces
 22700 | Bazaar   | Identified the +4 morningstar of Luggoarhug {drain, ^Contam
                  | rElec rPois rC++} (You bought it in a shop in a bazaar)
 22705 | Bazaar   | Reached XP level 17. HP: 104/104 MP: 15/24
 22970 | D:14     | Found a gate to the Vaults.
 23183 | D:15     | Entered Level 15 of the Dungeon
 23877 | D:15     | Found a staircase to the Depths.
 24059 | D:15     | Identified the +1 spear "Ingaz" {protect, rElec Str+3 Int-4
                  | Dex+4}
 24130 | D:15     | Identified the +7 quarterstaff "Onot Dosch" {vamp, rN+}
 24172 | D:15     | Found a glowing golden altar of the Shining One.
 24466 | Swamp:1  | Entered Level 1 of the Swamp
 24631 | Swamp:1  | Noticed Louise
 24632 | Abyss:2  | Cast into level 2 of the Abyss (Louise)
 24915 | Abyss:2  | Noticed a tentacled starspawn
 24927 | Abyss:2  | Reached XP level 18. HP: 61/111 MP: 12/25
 24999 | Abyss:2  | Found a corrupted altar of Lugonu.
 25013 | Abyss:2  | Gained mutation: Your spells are a little easier to cast,
                  | but a little less powerful. [a neqoxec]
 25045 | Abyss:2  | Gained mutation: You are clumsy. (Dex -2) [a neqoxec]
 25173 | Abyss:2  | Noticed a bone dragon
 25210 | Abyss:2  | Killed a bone dragon
 25379 | Abyss:2  | Noticed a bone dragon
 25406 | Abyss:2  | Killed a bone dragon
 25481 | Abyss:3  | Noticed a dread lich
 25489 | Abyss:3  | Noticed a Tzitzimitl
 25508 | Abyss:3  | Killed a dread lich
 25508 | Abyss:3  | Received a gift from Okawaru
 25606 | Abyss:3  | Found a corrupted altar of Lugonu.
 25617 | Abyss:3  | Found a corrupted altar of Lugonu.
 25674 | Abyss:5  | Found a corrupted altar of Lugonu.
 25705 | Abyss:5  | Found a corrupted altar of Lugonu.
 25716 | Abyss:5  | Noticed a Hell Sentinel
 25726 | Abyss:5  | Killed from afar by a Hell Sentinel

Illustrated notes

Levels and vault maps discovered:
D:1:      psy_arrival_basics, layout_loops_ring, minmay_shallow_snake_nest
D:2:      layout_loops_ring, basic_altar, kennysheep_generic_room_4
D:3:      layout_basic, uniq_sigmund, uniq_terence, uniq_grinder
D:4:      layout_rooms, tgw_fedhas, mainiacjoe_overflow_paths
D:5:      layout_loops_corners, bloody_trog, nicolae_ashenzari_panopticon,
          serial_shops, shop, minivault_1, mumra_transporter_accident,
          uniq_duvessa, uniq_blork_the_orc, uniq_crazy_yiuf_cottage
D:6:      layout_basic, due_unseen_surprise
D:7:      layout_gridville, nicolae_qazlal_general_emergency, elyvilon_altar_3,
          minmay_temple_entry_glass, enter_bailey_2, nicolae_sextant,
          uniq_menkaure, uniq_maurice
D:8:      layout_loops_ring, minmay_lair_entry_grove, uniq_joseph
D:9:      minmay_goldmine, layout_gridville, led_sif_pool,
          mainiacjoe_overflow_concentric_impassable,
          eat_drink_and_be_merry_uskayaw, zin_statuary
D:10:     layout_roguey, orc_0_dummy, hellmonk_ghost_big_iron,
          columned_hall_lemuel, small_statue_intersection
D:11:     layout_cave_pools
D:12:     layout_basic, uniq_nessos, uniq_lodul, uniq_urug
D:13:     layout_small_grid, portal_ice_cave_demonic_guard, special_room
          [special_room_bee], nrook_campfire, small_statue_alley_a
D:14:     layout_irregular_city, grunt_vaults_entry_fortified, serial_shops,
          bzr_entry_gold
D:15:     grunt_enter_depths_hoard, layout_loops_ring, tso_altar
Temple:   nicolae_temple_bog_church
Lair:1:   layout_cave_shapes, nicolae_volcano_entry_two_sided
Lair:2:   layout_cave_shapes, serial_bayou_pond_b, grunt_megastairs_3
Lair:3:   layout_roguey, nicolae_swamp_entry_spooky, dummy_snake_entry,
          hellmonk_guarded_unrand_seven_league_boots
Lair:4:   cheibrodos_lair_overgrown_chateau, layout_regular_city,
          dpeg_slime_entry_enclosed, gauntlet_entry_generic, lemuel_fruit_fields
Lair:5:   grunt_lair_end_beastmaster, layout_long_grid
Swamp:1:  layout_basic_swamp, evilmike_swamp_ruin_wall,
          infiniplex_staircase_pool, uniq_louise
Orc:1:    layout_diamond_mine, lightli_church_of_beogh
Orc:2:    grunt_orc_community_town_hall, layout_diamond_mine,
          grunt_orc_community_big_house_2, grunt_orc_community_big_house_1,
          grunt_orc_community_house_3, grunt_orc_community_house_2,
          grunt_orc_community_house_2, grunt_orc_community_house_3,
          grunt_orc_community_house_2, ebering_ghost_reflecting_pool,
          nicolae_orc_sculptors_studio, uniq_donald
Abyss:5:  base: D:14, base: Snake:3, base: Temple,
          gammafunk_abyss_rune_reverse_zot, evilmike_abyss_exit_5, minivault_26,
          evilmike_abyss_exit_3, gammafunk_corrupted_shrine,
          doesnt_abyss_rune_brain_food

Skill      XL: |  1  2  3  4  5  6  7  8  9 10 11 12 13 14 15 16 17 18 |
---------------+-------------------------------------------------------+-----
Fighting       | 4 5 7 9 10 11 12 13 | 13.6
Armour         | 4 5 7 9 10 12 14 16 17 | 17.6
Maces & Flails | 3 4 5 6 8 9 11 12 13 15 16 17 | 17.5
Shields        | 6 8 10 | 10.0
Invocations    | 3 6 9 10 | 10.5
Throwing       | 3 5 6 8 9 |  9.0
Evocations     | 2 6 8 |  8.0

Action                     |  1- 3 |  4- 6 |  7- 9 | 10-12 | 13-15 | 16-18 || total
---------------------------+-------+-------+-------+-------+-------+-------++-------
  Melee: Flail             |   116 |    53 |       |       |       |       ||   169
         Mace              |       |    39 |   303 |   772 |   464 |       ||  1578
         Morningstar       |       |       |       |       |  1044 |   900 ||  1944
  Throw: Javelin           |       |       |       |     1 |       |       ||     1
 Invoke: Heroism           |       |       |       |    10 |    43 |    19 ||    72
         Finesse           |       |       |       |     1 |     5 |     2 ||     8
  Evoke: Wand              |       |       |       |     1 |    15 |     8 ||    24
    Use: Scroll            |     3 |     4 |     3 |     7 |    17 |     1 ||    35
         Potion            |       |     1 |     1 |     5 |     4 |    15 ||    26
   Stab: Petrified         |       |       |       |     4 |     5 |       ||     9
 Armour: Scale mail        |    97 |    30 |       |       |       |       ||   127
         Chain mail        |       |    30 |   237 |   492 |   863 |   399 ||  2021
         Ice dragon scales |       |       |       |       |       |   334 ||   334
  Dodge: Dodged            |    56 |    26 |    88 |   291 |   404 |   343 ||  1208
  Block: Buckler           |    18 |    18 |     1 |       |       |       ||    37
         Kite shield       |       |       |   136 |   425 |   998 |   567 ||  2126
         Reflection        |       |       |       |       |    10 |    21 ||    31
